 Dungeon Crawl Stone Soup version 0.29.0-4-gdea44cf6ec (webtiles) character file.

Game seed: 12989469719856752145

198 qw the Chopper (level 5, -11/30 HPs)
             Began as a Tengu Warper on Aug 28, 2022.
             Mangled by an iguana (12 damage)
             ... on level 4 of the Dungeon.
             The game lasted 00:00:24 (4360 turns).

qw the Chopper (Tengu Warper)                       Turns: 4360, Time: 00:00:25

Health: -11/30     AC:  8    Str: 13    XL:     5   Next: 77%
Magic:  9/9        EV:  7    Int: 14    God:
Gold:   44         SH:  0    Dex: 13    Spells: 8/8 levels left

rFire   . . .      SeeInvis .   Y - +1 hand axe
rCold   . . .      Faith    .   (no shield)
rNeg    . . .      Spirit   .   g - +0 chain mail
rPois   .          Reflect  .   (helmet restricted)
rElec   .          Harm     .   (no cloak)
rCorr   .          Rampage  .   (no gloves)
Will    .....                   (boots unavailable)
Stlth   ..........              (no amulet)
HPRegen 0.10/turn               (no ring)
MPRegen 0.11/turn               (no ring)

@: about to teleport, flying quickly and evasively, quick
A: beak, talons 3, nimble flight
a: no special abilities


You were on level 4 of the Dungeon.
You visited 2 branches of the dungeon, and saw 5 of its levels.

You collected 165 gold pieces.
You spent 121 gold pieces at shops.


Innate Abilities, Weirdness & Mutations

You have a beak for a mouth.
You have claws for feet.
Your magical nature lets you fly swiftly and evasively.


   Skills:
 - Level 2.0 Fighting
 - Level 6.2 Axes
 - Level 1.0 Throwing
 + Level 1.6 Armour
 - Level 2.1 Dodging
 - Level 2.0 Spellcasting
 - Level 2.4 Translocations


You had 8 spell levels left.
You didn't know any spells.
Your spell library contained the following spells:

 Spells                   Type           Power      Damage    Failure   Level
 Blink                    Tloc           16%        N/A       99%         2
 Gell's Gravitas          Tloc           8%         N/A       100%        3
 Lesser Beckoning         Tloc           8%         N/A       100%        3
 Teleport Other           Tloc           8%         N/A       100%        3
 Manifold Assault         Tloc           8%         N/A       100%        5

Inventory:

Hand Weapons
 h - a +0 flail
 Y - a +1 hand axe (weapon)
Armour
 g - a +0 chain mail (worn)
Scrolls
 a - a scroll of identify
 d - 3 scrolls of immolation {unknown}
Potions
 c - a potion of might
 f - a potion of cancellation
 i - a potion of flight {unknown}
 m - a potion of ambrosia {unknown}
 n - a potion of resistance {unknown}
 p - 2 potions of degeneration {unknown}

Dungeon Overview and Level Annotations

Branches:
Dungeon (4/15)             Temple (1/1) D:4

Altars:
Cheibriados
Dithmenos
Gozag
Hepliaklqana
Kikubaaqudgha
Nemelex Xobeh
Qazlal
Sif Muna
Trog
Vehumet
Xom
Yredelemnul
Zin
The Shining One

Shops:
D:3 *


Message History

The iguana closely misses you.
You hit the iguana but do no damage. Your kick misses the iguana.
The iguana bites you!
You hit the iguana. You claw the iguana, but do no damage.
Your peck misses the iguana.
The iguana is moderately wounded.
The iguana closely misses you.
You closely miss the iguana. Your kick misses the iguana.
Your peck misses the iguana.
The iguana is moderately wounded.
The iguana bites you.
You barely miss the iguana.
The iguana is moderately wounded.
The iguana barely misses you.
You hit the iguana. Your kick misses the iguana.
The iguana is moderately wounded.
The iguana bites you.
You hit the iguana but do no damage. You claw the iguana, but do no damage.
The iguana is moderately wounded.
The iguana closely misses you.
You hit the iguana. Your peck misses the iguana.
The iguana is severely wounded.
The iguana barely misses you.
You hit the iguana but do no damage. Your peck misses the iguana.
The iguana is severely wounded.
The iguana completely misses you.
You barely miss the iguana. You claw the iguana, but do no damage.
The iguana is severely wounded.
The iguana barely misses you.
You barely miss the iguana. You peck the iguana.
The iguana is severely wounded.
The iguana barely misses you.
You hit the iguana but do no damage. You claw the iguana, but do no damage.
The iguana is severely wounded.
The iguana bites you!
4360 ||| READING scroll of teleportation.
As you read the scroll of teleportation, it crumbles to dust.
You feel strangely unstable. The iguana bites you!
You die...

.. #. ##########
#. #........######
##. .###.........#
.. #(##.####.# #.
#.##.# #(#
#l######.##.# #.#
#.@......##.# #.#
###########.# #.#
#.# ##.##
##########.###...#
#.................
#.#########.##...#
#..######.#
#.###.##
..........# #.#
#... .#.#####..#
#.# #...


You could see an iguana.

Vanquished Creatures
  Natasha (D:2)
  A hound skeleton (D:2)
  5 adders
  4 worms
  An adder simulacrum (D:2)
  4 orcs (D:3)
  5 ball pythons
  A bat zombie (D:2)
  8 endoplasms
  5 giant cockroaches
  8 goblins
  3 hobgoblins
  9 jackals
  5 quokkas
  2 ball python skeletons (D:2)
  9 bats
  A giant cockroach zombie (D:2)
  15 kobolds
  6 rats
93 creatures vanquished.

Vanquished Creatures (others)
  5 fungi (D:2)
  12 withered plants (D:2)
17 creatures vanquished.

Grand Total: 110 creatures vanquished

Notes
Turn   | Place    | Note
-------+----------+-------------------------------------------
     0 | D:1      | qw the Tengu Warper began the quest for the Orb.
     0 | D:1      | Reached XP level 1. HP: 12/12 MP: 4/4
     0 | D:1      | 0 ||| qw: Version: 0.1-a-89-g26bdef1
     0 | D:1      | 0 ||| qw: Game counter: 2709
     0 | D:1      | 0 ||| qw: Always use a shield: true
     0 | D:1      | 0 ||| qw: God list: Okawaru
     0 | D:1      | 0 ||| qw: Allow faded altars: false
     0 | D:1      | 0 ||| qw: Do Orc after D:15 true
     0 | D:1      | 0 ||| qw: Do second Lair branch before Depths: true
     0 | D:1      | 0 ||| qw: Lair rune preference: random
     0 | D:1      | 0 ||| qw: Plans: Normal
     0 | D:1      | 0 ||| PLANNING D:1-11
    78 | D:1      | Found a faded altar of an unknown god.
    79 | D:1      | 79 ||| Stepping ~*~*~tactically~*~*~ (stealth).
   100 | D:1      | Reached skill level 3 in Axes
   100 | D:1      | Reached XP level 2. HP: 14/17 MP: 6/6
   162 | D:1      | 162 ||| Stepping ~*~*~tactically~*~*~ (stealth).
   164 | D:1      | 164 ||| Stepping ~*~*~tactically~*~*~ (stealth).
   274 | D:1      | 274 ||| Stepping ~*~*~tactically~*~*~ (stealth).
   276 | D:1      | 276 ||| Stepping ~*~*~tactically~*~*~ (stealth).
   440 | D:1      | 440 ||| Stepping ~*~*~tactically~*~*~ (stealth).
   642 | D:1      | Reached XP level 3. HP: 21/21 MP: 7/7
  1174 | D:1      | Reached skill level 4 in Axes
  1267 | D:1      | 1267 ||| UPGRADING to +0 ring mail.
  1277 | D:1      | 1277 ||| DROPPING +0 leather armour.
  1278 | D:1      | 1278 ||| READING 3 scrolls labelled VEXAERALAVEU.
  1279 | D:1      | 1279 ||| READING scroll labelled ENATTU KINAIRY.
  1280 | D:1      | 1280 ||| READING scroll labelled RYFUBR NUPON.
  1281 | D:1      | 1281 ||| READING scroll labelled DICSONI MIUSIL.
  1284 | D:1      | 1284 ||| READING scroll labelled ULUURE LUARR.
  1285 | D:1      | 1285 ||| READING scroll labelled UTRIS QOMMIUFU.
  1411 | D:1      | 1411 ||| READING 2 scrolls of identify.
  1411 | D:1      | 1411 ||| IDENTIFYING smoky pink potion
  1412 | D:1      | 1412 ||| DROPPING scroll of blinking.
  1849 | D:2      | Reached XP level 4. HP: 22/26 MP: 8/8
  1991 | D:2      | 1991 ||| Stepping ~*~*~tactically~*~*~ (stealth).
  2206 | D:2      | Reached skill level 5 in Axes
  2494 | D:2      | Noticed Natasha
  2495 | D:2      | Found the +4 dagger "Morg" {pain, Will+ Int+5}
  2504 | D:2      | Killed Natasha
  2511 | D:2      | Gained mutation: Your magical nature lets you fly swiftly
                  | and evasively. [Tengu growth]
  2511 | D:2      | Reached XP level 5. HP: 9/30 MP: 9/9
  2726 | D:2      | 2726 ||| READING 2 scrolls of teleportation.
  2738 | D:3      | Found Galubuom's Assorted Antiques.
  2808 | D:3      | 2808 ||| BUYING chain mail (121 gold).
  2808 | D:3      | Bought a chain mail for 121 gold pieces
  2808 | D:3      | 2808 ||| SHOPLISTING iron ring (135 gold, have 2).
  2808 | D:3      | 2808 ||| SHOPLISTING notched onyx ring (135 gold, have 2).
  2808 | D:3      | 2808 ||| SHOPLISTING scroll labelled ENAMIN OMOLL (27 gold,
                  | have 2).
  2808 | D:3      | 2808 ||| SHOPLISTING scroll of identify (54 gold, have 2).
  2808 | D:3      | 2808 ||| SHOPLISTING scroll of teleportation (81 gold, have
                  | 2).
  2973 | D:3      | 2973 ||| Stepping ~*~*~tactically~*~*~ (stealth).
  2981 | D:3      | 2981 ||| Stepping ~*~*~tactically~*~*~ (hiding).
  2983 | D:3      | 2983 ||| Stepping ~*~*~tactically~*~*~ (hiding).
  2993 | D:3      | 2993 ||| Stepping ~*~*~tactically~*~*~ (stealth).
  2995 | D:3      | 2995 ||| DROPPING +0 whip.
  3002 | D:3      | 3002 ||| Stepping ~*~*~tactically~*~*~ (stealth).
  3003 | D:3      | 3003 ||| Stepping ~*~*~tactically~*~*~ (stealth).
  3118 | D:3      | Reached skill level 6 in Axes
  3137 | D:3      | 3137 ||| Stepping ~*~*~tactically~*~*~ (stealth).
  3153 | D:3      | Found a shimmering blue altar of Sif Muna.
  3312 | D:3      | Found a stormy altar of Qazlal.
  3460 | D:3      | 3460 ||| UPGRADING to +0 chain mail.
  3470 | D:3      | 3470 ||| DROPPING +0 ring mail.
  3471 | D:3      | 3471 ||| READING scroll labelled WOBLU FISO.
  3472 | D:3      | 3472 ||| READING 2 scrolls of identify.
  3472 | D:3      | 3472 ||| IDENTIFYING bubbling sapphire potion
  3727 | D:4      | Found a staircase to the Ecumenical Temple.
  3728 | D:4      | 3728 ||| PLANNING TEMPLE
  3736 | Temple   | Entered the Ecumenical Temple
  4225 | Temple   | 4225 ||| PLANNING D:1-11
  4359 | D:4      | HP: 1/30 [iguana (7)]
  4360 | D:4      | 4360 ||| READING scroll of teleportation.
  4360 | D:4      | Mangled by an iguana

Levels and vault maps discovered:
D:1:      spicycebolla_green_bress_n_ham, layout_basic, basic_ecumenical_altar,
          minmay_misc_feat_iff, nicolae_hexahallways
D:2:      layout_loops_ring, dreamdust_mushroom_princess,
          dilly_guarded_unrand_morg
D:3:      layout_rooms, marbit_many_paths, nicolae_qazlal_general_emergency,
          serial_shops, nicolae_shop_waterfront, minmay_misc_feat_encased,
          palyth_stone_intersect
D:4:      layout_loops_ring, nicolae_wu_jian_wuxing_cycle, old_standard_altar,
          minmay_temple_entry_statues
Temple:   chequers_temple_sunken

Skill      XL: |  1  2  3  4  5 |
---------------+----------------+-----
Axes           | 3 4 5 6 |  6.2
Fighting       | |  2.0
Throwing       | |  1.0
Armour         | |  1.6
Dodging        | |  2.1
Spellcasting   | |  2.0
Translocations | |  2.4

Action                   |  1- 3 |  4- 6 || total
-------------------------+-------+-------++-------
Melee: Hand axe          |    78 |   128 ||   206
       Kick              |    16 |    27 ||    43
       Peck              |    10 |    16 ||    26
       Punch             |       |     1 ||     1
Throw: Boomerang         |     7 |       ||     7
       Javelin           |    20 |    16 ||    36
  Use: Scroll            |     7 |     4 ||    11
Armor: Leather armour    |     7 |       ||     7
       Ring mail         |     7 |    30 ||    37
       Chain mail        |       |     6 ||     6
Dodge: Dodged            |    38 |    71 ||   109

Table legend:
 A = Non-vault XP
 B = Vault XP
 C = Vault XP percentage of total XP
 D = Non-vault monster count
 E = Vault monster count
 F = Vault count percentage of total count
                 A         B        C        D         E       F
            +---------+---------+-------+---------+---------+-------
      Total |     211 |      73 |  25.7 |      85 |       8 |   8.6
            +---------+---------+-------+---------+---------+-------
        D:1 |      54 |       0 |   0.0 |      31 |       0 |   0.0
        D:2 |      66 |      60 |  47.6 |      25 |       7 |  21.9
        D:3 |      68 |      13 |  16.0 |      22 |       1 |   4.3
        D:4 |      23 |       0 |   0.0 |       7 |       0 |   0.0
            +---------+---------+-------+---------+---------+-------
